Map: 아크로폴리스 - 래더

Players

Zest - Winner!

  • Race: Protoss Protoss
  • League: Master
  • Spawn Location: 5:00

TSGSolar (Solar)

  • Race: Zerg Zerg
  • League: Master
  • Spawn Location: 11:00

VOD

Have the link to the VOD?

Description

Time

  • Played on: Aug. 8, 2019, 8:23 a.m.
  • Length: 12:11
Show
View Real Time Build Order
Export as new Build Order

Zest Protoss - Winner!

Build Orders: 1 Gate Expand, Archon Immortal, Archon Drop, Dark Templar Rush 

Get SALT Encoding   

  12  0:00  Probe  
  13  0:12  Probe  
  14  0:18  Pylon  
  14  0:24  Probe  
  15  0:32  Probe  
  15  0:39  Gateway  
  15  0:40  Probe  
  16  0:47  Assimilator  
  17  0:51  Probe  
  18  1:03  Probe  
  19  1:15  Probe  
  20  1:26  Nexus  
  20  1:34  Cybernetics Core  
  20  1:37  Probe  
  21  1:44  Assimilator  
  21  1:49  Probe  
  21  1:53  Pylon  
  22  2:01  Probe, Adept  
  23  2:14  Probe  
  26  2:18  Twilight Council  
  26  2:23  Warp Gate  
  26  2:26  Probe  
  27  2:32  Stalker  
  27  2:33  Probe  
  27  2:35  Probe  
  29  2:41  Probe  
  29  2:43  Probe  
  33  2:53  Robotics Facility  
  33  2:54  Probe  
  33  2:57  Probe  
  35  3:06  Probe  
  35  3:09  Probe  
  35  3:10  Dark Shrine  
  37  3:19  Probe  
  38  3:21  Probe  
  38  3:25  Gateway  
  39  3:30  Warp Prism  
  39  3:35  Gateway x2  
  41  3:44  Probe x2  
  43  3:48  Pylon  
  43  3:54  Assimilator  
  43  3:56  Probe x2  
  43  3:57  Assimilator  
  45  4:08  Probe x2  
  47  4:13  Adept  
  47  4:16  Pylon  
  49  4:20  Probe  
  49  4:21  Probe  
  51  4:26  Pylon  
  51  4:34  Dark Templar x2  
  51  4:35  Dark Templar x2  
  59  4:40  Observer  
  59  4:47  Probe x2  
  62  4:59  Probe x2, Archon  
  60  5:02  Nexus  
  60  5:07  Dark Templar x2  
  60  5:11  Pylon  
  60  5:12  Pylon  
  62  5:14  Archon  
  62  5:26  Probe x2  
  62  5:27  Immortal  
  61  5:31  Zealot x2  
  65  5:38  Charge  
  69  5:48  Probe x2  
  71  5:54  Sentry x2, Gateway  
  71  5:55  Sentry, Gateway  
  71  5:57  Forge  
  77  6:00  Probe  
  77  6:04  Immortal  
  78  6:13  Pylon  
  78  6:14  Probe  
  78  6:16  Probe x2  
  85  6:24  Protoss Ground Weapons Level 1  
  85  6:26  Probe  
  85  6:28  Probe  
  87  6:33  Probe  
  87  6:38  Stalker x4, Probe  
  97  6:41  Pylon  
  97  6:42  Probe  
  97  6:45  Probe  
  99  6:48  Assimilator  
  99  6:53  Immortal  
  99  6:57  Assimilator  
  99  6:58  Pylon  
  99  6:59  Adept  
  99  7:00  Adept  
  105  7:20  Probe x2  
  107  7:28  Stalker x2  
  107  7:29  Immortal  
  111  7:30  Photon Cannon  
  111  7:33  Pylon  
  111  7:36  Dark Templar  
  117  7:37  Gateway  
  117  7:39  Pylon, Gateway  
  117  7:40  Pylon  
  117  7:41  Pylon  
  117  8:02  Immortal  
  117  8:05  Probe x3  
  120  8:08  Dark Templar  
  120  8:09  Pylon, Dark Templar x4  
  134  8:13  Protoss Ground Weapons Level 2  
  126  8:28  Nexus  
  126  8:31  Immortal  
  126  8:45  Archon  
  126  8:46  Archon  
  128  9:03  Pylon  
  128  9:11  Dark Templar x4, Zealot  
  128  9:12  Zealot x2  
  142  9:19  Observer  
  142  9:30  Pylon  
  142  9:32  Pylon, Robotics Facility  
  142  9:34  Pylon  
  142  9:43  Dark Templar x2  
  142  9:44  Zealot x2  
  150  10:03  Zealot x4  
  150  10:06  Zealot x2  
  162  10:14  Nexus  
  138  10:32  Zealot x6  
  138  10:33  Zealot  
  140  10:57  Dark Templar x5  
  140  10:58  Zealot  
  140  11:02  Archon  
  140  11:03  Archon  
  146  11:08  Sentry x2  
  132  11:41  Archon x3  
  132  11:42  Zealot  
  132  11:43  Zealot x7  
  132  11:47  Observer  
Show
View Real Time Build Order
Export as new Build Order

TSGSolar Zerg 

Build Orders: Hatch First, Swarm Host 

Get SALT Encoding   

  12  0:01  Drone  
  13  0:13  Overlord  
  13  0:17  Drone  
  14  0:31  Drone x2  
  16  0:49  Hatchery  
  15  0:51  Drone  
  15  0:54  Drone  
  17  0:58  Drone  
  18  1:09  Extractor  
  17  1:14  Spawning Pool  
  17  1:16  Drone  
  17  1:20  Drone  
  18  1:28  Drone  
  19  1:39  Drone  
  20  1:50  Hatchery  
  20  1:51  Drone  
  20  2:01  Queen  
  20  2:04  Drone  
  20  2:08  Drone  
  24  2:18  Metabolic Boost, Drone  
  25  2:22  Overlord  
  25  2:29  Queen  
  27  2:32  Zergling x2  
  28  2:41  Zergling x2  
  28  2:42  Queen  
  31  2:46  Drone x2  
  31  2:49  Drone  
  34  2:52  Drone  
  34  2:55  Drone  
  36  3:02  Queen  
  36  3:03  Drone  
  39  3:08  Overlord  
  39  3:09  Drone  
  39  3:11  Drone  
  41  3:14  Drone  
  41  3:19  Overlord  
  42  3:27  Drone x2  
  42  3:28  Drone x2  
  46  3:34  Drone  
  46  3:37  Drone  
  48  3:41  Drone  
  48  3:42  Drone x2  
  48  3:43  Drone  
  48  3:47  Overlord  
  48  3:48  Roach Warren  
  51  3:51  Lair  
  51  3:53  Drone x3  
  51  3:54  Drone  
  55  3:57  Extractor, Drone  
  55  3:59  Drone  
  56  4:04  Extractor  
  56  4:05  Spore Crawler, Zergling x4  
  56  4:09  Spore Crawler  
  55  4:10  Overlord  
  55  4:14  Zergling x4  
  57  4:18  Drone  
  58  4:24  Overlord  
  58  4:27  Roach x3  
  58  4:28  Roach  
  58  4:30  Roach  
  68  4:33  Roach  
  68  4:34  Overlord  
  68  4:37  Roach  
  72  4:38  Overlord  
  72  4:41  Roach  
  72  4:44  Overlord  
  74  4:46  Overlord  
  74  4:49  Overlord  
  74  4:50  Drone  
  74  4:51  Drone  
  76  4:53  Drone  
  76  4:55  Drone  
  76  4:58  Glial Reconstitution  
  74  5:00  Overseer  
  74  5:02  Drone x2  
  74  5:04  Drone, Overseer  
  77  5:10  Drone  
  77  5:11  Drone x2  
  80  5:14  Roach  
  80  5:15  Roach, Drone  
  80  5:19  Drone  
  86  5:23  Drone x2  
  86  5:26  Extractor  
  86  5:31  Roach x2, Extractor  
  86  5:33  Overlord  
  87  5:46  Drone x9  
  87  5:48  Drone  
  96  5:51  Drone  
  96  5:55  Drone  
  98  6:02  Drone x2  
  100  6:05  Evolution Chamber  
  100  6:09  Infestation Pit  
  100  6:10  Extractor  
  97  6:12  Overlord  
  97  6:14  Drone x3  
  97  6:17  Overlord  
  100  6:19  Overlord  
  100  6:22  Overlord  
  100  6:23  Roach x4  
  108  6:26  Roach x2  
  108  6:29  Overlord  
  109  6:35  Drone, Overlord  
  109  6:38  Drone  
  111  6:41  Drone  
  112  6:50  Overlord  
  112  6:55  Swarm Host x4, Drone x2  
  112  6:56  Nydus Network, Swarm Host x2  
  112  6:57  Swarm Host  
  134  7:07  Overlord  
  134  7:08  Swarm Host x2  
  133  7:09  Queen  
  133  7:14  Swarm Host  
  126  7:18  Zergling x12  
  130  7:23  Roach x2  
  130  7:25  Roach  
  130  7:27  Ravager  
  137  7:30  Ravager  
  137  7:32  Zergling x6  
  137  7:36  Ravager  
  142  7:42  Nydus Canal  
  140  7:45  Roach x2  
  140  7:48  Roach x2  
  147  7:54  Overlord, Ravager  
  147  7:56  Roach  
  147  7:57  Zergling x12  
  156  8:00  Roach  
  156  8:05  Queen  
  156  8:07  Ravager  
  156  8:09  Zergling x6  
  156  8:11  Zergling x2  
  161  8:15  Roach  
  161  8:17  Ravager  
  161  8:19  Roach x2  
  156  8:21  Ravager x2  
  156  8:22  Zergling x2  
  156  8:25  Zergling x4  
  156  8:26  Ravager  
  162  8:30  Roach  
  162  8:33  Zergling x6  
  166  8:36  Drone x2  
  166  8:37  Drone  
  166  8:39  Nydus Canal  
  169  8:42  Overlord  
  169  8:44  Overseer  
  169  8:47  Roach  
  172  8:48  Ravager  
  172  8:52  Roach  
  172  8:53  Overlord  
  171  8:57  Roach x2  
  171  9:01  Roach x2  
  171  9:02  Roach  
  180  9:08  Roach x2  
  171  9:10  Roach  
  171  9:11  Roach  
  171  9:12  Zergling x2  
  169  9:18  Roach  
  169  9:19  Ravager  
  169  9:22  Zergling x2  
  169  9:23  Zergling x2  
  173  9:29  Roach x2  
  173  9:30  Drone x4  
  180  9:34  Ravager x2  
  180  9:36  Nydus Canal  
  182  9:40  Roach x2  
  185  9:46  Drone  
  185  9:49  Overlord  
  185  9:52  Zergling x8  
  190  9:53  Ravager x3  
  191  10:01  Overlord  
  191  10:04  Roach x2  
  192  10:07  Roach  
  192  10:08  Roach  
  192  10:11  Lair  
  192  10:13  Roach  
  190  10:14  Roach  
  190  10:16  Roach  
  190  10:18  Roach  
  184  10:22  Roach  
  184  10:24  Zergling x2  
  167  10:29  Zergling x12  
  167  10:31  Zergling x2  
  167  10:33  Nydus Canal  
  163  10:40  Zergling x6  
  163  10:41  Ravager x2  
  167  10:50  Roach x2  
  167  10:53  Roach  
  160  11:02  Roach x3  
  160  11:03  Pneumatized Carapace  
  163  11:09  Overseer  
  163  11:10  Roach  
  161  11:15  Roach x2  
  159  11:19  Nydus Canal  
  159  11:25  Roach x2  
  163  11:30  Hatchery  
  139  11:34  Roach x2  
  139  11:36  Overseer  
  138  11:41  Zergling x6  
  138  11:45  Ravager  
  138  11:46  Zergling x2  
  138  11:47  Zergling x2  
  144  11:52  Ravager  
Tags
 
Add a new tag
Caveats
  • Supply blocks, unpowered buildings, or Contaminate may cause inaccurate times.
  • Supply counts are checked every 10 seconds.